 Dungeon Crawl Stone Soup version 0.30-a0-476-g330ca2eb8e (webtiles) character file.

Game seed: 13947027838750196989

555 xzight the Magician (level 7, -1/36 HPs)
             Began as a Deep Elf Fire Elementalist on Dec 22, 2022.
             Killed from afar by an orc wizard (5 damage)
             ... with a magic dart
             ... on level 4 of the Dungeon.
             The game lasted 00:08:51 (3686 turns).

xzight the Magician (Deep Elf Fire Elementalist)    Turns: 3686, Time: 00:08:52

Health: -1/36      AC:  4    Str:  5    XL:     7   Next: 8%
Magic:  8/17       EV: 14    Int: 22    God:
Gold:   151        SH:  0    Dex: 15    Spells: 14/17 levels left

rFire   . . .      SeeInvis .    i - +0 dagger
rCold   . . .      Faith    .    (no shield)
rNeg    . . .      Spirit   .    a - +0 robe
rPois   .          Reflect  .    m - +1 helmet
rElec   .          Harm     .    (no cloak)
rCorr   .          Rampage  .    (no gloves)
Will    .....                    (no boots)
Stlth   ++........               (no amulet)
HPRegen 0.26/turn                (no ring)
MPRegen 0.15/turn                (no ring)

@: no status effects
A: no striking features
a: no special abilities


You were on level 4 of the Dungeon.
You visited 1 branch of the dungeon, and saw 4 of its levels.

You collected 151 gold pieces.


   Skills:
 + Level 5.1 Dodging
 - Level 2.4 Stealth
 + Level 5.6 Spellcasting
 + Level 4.1 Conjurations
 + Level 5.2 Fire Magic


You had 14 spell levels left.
You knew the following spells:

 Your Spells              Type           Power      Damage    Failure   Level
a - Foxfire               Conj/Fire      100%       2x1d9     1%          1
b - Scorch                Fire           58%        2d7       1%          2

Your spell library contained the following spells:

 Spells                   Type           Power      Damage    Failure   Level
 Magic Dart               Conj           96%        1d7       1%          1
 Searing Ray              Conj           48%        2d6       2%          2
 Inner Flame              Hex/Fire       17%        N/A       10%         3
 Dazzling Flash           Conj/Hex       30%        N/A       12%         3
 Kindle Blastsparks       Fire/Tloc/Air  26%        2d12      14%         3
 Flame Wave               Conj/Fire      26%        2d8       14%         4
 Fulminant Prism          Conj/Hex       7%         3d7       38%         4
 Iskenderun's Mystic Bla  Conj/Tloc      15%        2d5       38%         4
 Starburst                Conj/Fire      13%        6d5       91%         6

Inventory:

Hand Weapons
 i - a +0 dagger (weapon)
Armour
 a - a +0 robe (worn)
 m - a +1 helmet (worn)
Scrolls
 c - a scroll of fear {unknown}
 f - a scroll of brand weapon {unknown}
 g - a scroll of enchant armour {unknown}
 j - a scroll of magic mapping {unknown}
 k - a scroll of vulnerability {unknown}
 l - a scroll of noise {unknown}
 n - a scroll of amnesia {unknown}
Potions
 b - 2 potions of magic
 d - 2 potions of haste {@q3}
 e - a potion of brilliance
 h - a potion of lignification
 o - 3 potions of heal wounds {unknown}

Dungeon Overview and Level Annotations

Branches:
Dungeon (4/15)
 Temple: D:4-7

Altars:
Elyvilon
Qazlal
Vehumet

Annotations:
D:4 Blork the orc, Pikel

# # .# ### .# ..# ###
..# ..### #.## ...#
....# ##..## #...#
.░..## #....# ###..#
░░░..# ##....###oo..##
.░...# #........@oS..#
.....###.....#####)..#
.░........†...# ...#
░░░....#......# .##
.░............# #
......#.......#
......#.......#
.....###......# .....#
#......#


You could see 2 orc priests, an orc wizard (combustible) and an adder.


Message History

Flames lash the orc priest.
The orc priest is heavily wounded.
The orc priest's fire resistance burns away.
The orc priest barely misses you.
An orc wizard comes into view. It is wielding a +0 dagger.
The orc priest casts a cantrip, but nothing happens.
An adder comes into view.
Casting: Scorch (safe; 1% risk of failure)
Confirm with . or Enter, or press ? or * to list all spells.
Flames lash the orc priest.
The orc priest is heavily wounded.
The orc priest's fire resistance burns away.
The orc priest calls upon Beogh to heal the orc priest.
The orc priest is healed somewhat.
The orc priest completely misses you. The orc wizard casts a spell at you.
The puff of flame hits you!
* * * LOW HITPOINT WARNING * * *
Casting: Scorch (safe; 1% risk of failure)
Confirm with . or Enter, or press ? or * to list all spells.
Flames lash the orc wizard.
The orc wizard is moderately wounded.
The orc wizard's fire resistance burns away.
The orc priest is no longer more vulnerable to fire.
The orc priest calls down the wrath of Beogh upon you.
Pain shoots through your body!
* * * LOW HITPOINT WARNING * * *
The orc wizard points at you and mumbles some strange words.
The magic dart hits you.
You die...

Skill      XL: |  1  2  3  4  5  6 |
---------------+-------------------+-----
Dodging        | 3 4 5 |  5.1
Conjurations   | 2 3 4 |  4.1
Spellcasting   | 4 5 |  5.6
Fire Magic     | 4 5 |  5.2
Stealth        | |  2.4

Action                   |  1- 3 |  4- 6 |  7- 9 || total
-------------------------+-------+-------+-------++-------
 Cast: Foxfire           |    55 |    47 |     8 ||   110
       Scorch            |    10 |     7 |     6 ||    23
  Use: Scroll            |       |     5 |     1 ||     6
       Potion            |       |       |     1 ||     1
Armor: Robe              |     2 |     1 |       ||     3
Dodge: Dodged            |    20 |     7 |     3 ||    30

Levels and vault maps discovered:
D:1:      dpeg_arrival_water_temple_mockup, layout_basic,
          ebering_ecumenical_altar_petrified, serial_forest,
          infiniplex_forest_straight_4, infiniplex_forest_lined_room_2,
          infiniplex_forest_lined_room_3, infiniplex_forest_clump_small,
          infiniplex_forest_corner_1, infiniplex_forest_lined_corner,
          infiniplex_forest_end_1
D:2:      layout_loops_ring, chequers_jeans, dreamdust_princess_corridor,
          uniq_robin, uniq_sigmund
D:3:      layout_basic, mainiacjoe_overflow_alcove_4,
          nicolae_qazlal_scattered_showers, serial_corexii_hall,
          chequers_hall_statues_y, corexii_hall_statues_l, uniq_natasha,
          uniq_grinder
D:4:      layout_cave_pods, vehumet_crystals, gammafunk_ghost_gnarly_gnolls,
          uniq_ijyb, uniq_blork_the_orc, uniq_pikel

Notes
Turn   | Place    | Note
-------+----------+-------------------------------------------
     0 | D:1      | xzight the Deep Elf Fire Elementalist began the quest for
                  | the Orb.
     0 | D:1      | Reached XP level 1. HP: 10/10 MP: 6/6
    32 | D:1      | Found a faded altar of an unknown god.
   279 | D:1      | Reached XP level 2. HP: 15/15 MP: 6/8
   999 | D:1      | Reached skill level 3 in Dodging
  1435 | D:2      | Reached XP level 3. HP: 19/19 MP: 8/10
  1490 | D:2      | Learned a level 2 spell: Scorch
  1519 | D:2      | Reached skill level 2 in Conjurations
  1656 | D:2      | Noticed Robin
  1666 | D:2      | Killed Robin
  1839 | D:2      | Reached XP level 4. HP: 24/24 MP: 7/11
  2350 | D:2      | Noticed Sigmund
  2360 | D:2      | Killed Sigmund
  2361 | D:2      | Reached skill level 4 in Dodging
  2361 | D:2      | Reached skill level 4 in Spellcasting
  2361 | D:2      | Reached skill level 3 in Conjurations
  2361 | D:2      | Reached skill level 4 in Fire Magic
  2361 | D:2      | Reached XP level 5. HP: 22/28 MP: 4/14
  2670 | D:3      | Noticed Grinder
  2672 | D:3      | Noticed Natasha
  2676 | D:3      | Paralysed by Grinder for 2 turns
  2682 | D:3      | Killed Grinder
  2683 | D:3      | Reached skill level 5 in Spellcasting
  2683 | D:3      | Reached XP level 6. HP: 26/32 MP: 10/16
  2688 | D:3      | Killed Natasha
  2689 | D:3      | Reached skill level 5 in Fire Magic
  2706 | D:3      | Noticed Natasha
  2714 | D:3      | Killed Natasha
  2715 | D:3      | Reached skill level 5 in Dodging
  2724 | D:3      | Noticed Natasha
  2954 | D:3      | Found a stormy altar of Qazlal.
  3330 | D:3      | Killed Natasha
  3331 | D:3      | Reached skill level 4 in Conjurations
  3331 | D:3      | Reached XP level 7. HP: 36/36 MP: 13/17
  3364 | D:3      | Found a white marble altar of Elyvilon.
  3399 | D:4      | Noticed Pikel
  3400 | D:4      | Noticed Blork the orc
  3594 | D:4      | Found a radiant altar of Vehumet.
  3686 | D:4      | Killed from afar by an orc wizard

Vanquished Creatures
  Grinder (D:3)
  Sigmund (D:2)
  An orc priest (D:4)
  Natasha (thrice) (D:3)
  Robin (D:2)
  4 adders
  3 dart slugs
  3 orcs (D:3)
  2 ball pythons
  5 bats
  3 endoplasms
  A giant cockroach (D:1)
  16 goblins
  4 hobgoblins
  6 kobolds
  3 quokkas (D:3)
  4 frilled lizards (D:1)
  2 rats
63 creatures vanquished.

Vanquished Creatures (collateral kills)
  4 foxfires (D:1)
4 creatures vanquished.

Vanquished Creatures (others)
  169 foxfires
169 creatures vanquished.

Grand Total: 236 creatures vanquished

Table legend: (Time is in decaauts)
 A = Elapsed time spent in this place.
 B = Non-inter-level travel time spent in this place.
 C = Inter-level travel time spent in this place.
 D = Time resting spent in this place.
 E = Time spent auto-exploring this place.
 F = Levels seen in this place.
 G = Mean time per level.
                   A        B        C        D        E       F      G
               +--------+--------+--------+--------+--------+-----+--------+
         Total |   3676 |   3333 |    343 |    580 |   2203 |   4 |  919.0 |
       Dungeon |   3676 |   3333 |    343 |    580 |   2203 |   4 |  919.0 |
               +--------+--------+--------+--------+--------+-----+--------+

Top non-repeatable levels by time:
     D:1: 1518 daAuts
     D:2: 1089 daAuts
     D:3: 918 daAuts
     D:4: 150 daAuts

Table legend:
 A = Non-vault XP
 B = Vault XP
 C = Vault XP percentage of total XP
 D = Non-vault monster count
 E = Vault monster count
 F = Vault count percentage of total count
                 A         B        C        D         E       F
            +---------+---------+-------+---------+---------+-------
      Total |     239 |     554 |  69.9 |      47 |      16 |  25.4
            +---------+---------+-------+---------+---------+-------
        D:1 |      35 |       0 |   0.0 |      21 |       0 |   0.0
        D:2 |      44 |     251 |  85.1 |      10 |      14 |  58.3
        D:3 |     103 |     303 |  74.6 |      12 |       2 |  14.3
        D:4 |      57 |       0 |   0.0 |       4 |       0 |   0.0
            +---------+---------+-------+---------+---------+-------
